 Dungeon Crawl Stone Soup version 0.19-a0-1704-gbd66c22 (webtiles) character file.

15 GrosslyIncandescent the Insei (level 2, 0/24 HPs)
             Began as a Mummy Monk on Sept 27, 2016.
             Slain by an adder (2 damage)
             ... on level 2 of the Dungeon.
             The game lasted 00:01:09 (1281 turns).

GrosslyIncandescent the Insei (Mummy Monk)          Turns: 1281, Time: 00:01:10

Health: 0/24       AC:  1    Str: 14    XL:     2   Next: 34%
Magic:  2/2        EV: 13    Int:  9    God:
Gold:   41         SH:  0    Dex: 14    Spells: 0 memorised, 1 level left

rFire  x . .     SeeInvis .       - Unarmed
rCold  + . .     Gourm    .     (no armour)
rNeg   + + +     Faith    .     (no shield)
rPois  ∞         Spirit   .     (no helmet)
rElec  .         Dismiss  .     (no cloak)
rCorr  .         Reflect  .     (no gloves)
MR     .....     Harm     .     (no boots)
Stlth  +++.......               (no amulet)
                                a - ring of stealth
                                (no ring)

@: no status effects
A: no food or potions, fire vulnerability, cold resistance 1, negative energy
resistance 3, torment resistance, unbreathing
a: no special abilities


You were on level 2 of the Dungeon.
You were not hungry.

You visited 1 branch of the dungeon, and saw 2 of its levels.

You collected 41 gold pieces.


Innate Abilities, Weirdness & Mutations

You do not eat or drink.
Your flesh is vulnerable to fire.
You are immune to poison.
Your flesh is cold resistant. (rC+)
You are immune to negative energy. (rN+++)
You are immune to unholy pain and torment.
You can survive without breathing.


   Skills:
 - Level 3.0 Fighting
 - Level 2.4 Dodging
 - Level 1.5 Stealth
 + Level 3.1 Unarmed Combat


You had one spell level left.
You didn't know any spells.

Inventory:

Jewellery
 a - a ring of stealth (right hand)
Scrolls
 b - 2 scrolls of enchant armour {unknown}
 c - 3 scrolls of amnesia {unknown}
 e - 2 scrolls of identify {unknown}
Comestibles
 f - 4 fruits (quivered)

Dungeon Overview and Level Annotations

Branches:
Dungeon (2/15)

Altars:

Annotations:
D:2 Jessica

▒ ▒▒▒.▒ ▒▒▒▒▒▒▒▒ ...▒.▒▒▒▒▒▒
▒..g...▒
..........▒▒▒▒▒▒▒▒.▒▒▒▒.▒
▒▒▒.▒▒▒▒........£..▒▒▒▒.▒▒h▒.▒
▒ .▒▒▒▒..▒▒..>▒▒......@..g.h..
▒
▒...........<.MS.g▒▒▒.▒▒▒▒h▒▒
▒ ▒▒▒▒▒▒..▒▒...▒▒▒▒▒.)..▒ ▒
▒▒..▒▒▒.▒▒ ▒.▒▒▒▒ ▒ ▒...▒ ▒.▒
▒%▒ ▒.▒.▒▒▒.▒ ▒.▒ ▒ ▒....▒▒.▒
▒▒.▒▒ ▒ ▒.......▒▒▒▒▒...▒▒▒▒▒
▒▒▒▒▒▒▒....▒▒▒.............
...............▒▒▒▒...▒▒▒▒


You could see an adder, Jessica and a goblin.


Message History

The adder misses you!
Jessica hits you with a club! * * * don't die
* * * The adder completely misses you!
There is a stone staircase leading up here!
Jessica gestures wildly while chanting!
Jessica seems to speed up!
Jessica casts a spell!
The adder barely misses you!
Jessica grins evilly!
Jessica hits you with a club! * * * don't die
* * * You see here 8 gold pieces!
The adder completely misses you! The adder misses you!
Jessica closely misses you!
Jessica gestures wildly while chanting!
Jessica blinks!!! 2 jackals and a hobgoblin come into view!
A jackal comes into view!
The adder closely misses you! The adder bites you! * * * don't die
* * * Jessica gestures wildly while chanting!
Jessica casts a spell!
As you read the scroll labeled QOCVIRCH HEAR, it crumbles to dust!
You feel blessed for a moment!
It was a scroll of remove curse!
Jessica mumbles some strange words!
The adder bites you! rip

Action                   || total
-------------------------++-------
Melee: Unarmed           ||    80
       Punch             ||     1
  Use: Scroll            ||     1
 Stab: Sleeping          ||     5
Armor: Skin              ||     4
Dodge: Dodged            ||    57

Vault maps used:
D:1:      dpeg_arrival_windows_large_door, minmay_misc_feat_diagonals
D:2:      minmay_goblin_kobold_house, uniq_jessica, uniq_iyjb

Notes
Turn   | Place    | Note
-------+----------+-------------------------------------------
     0 | D:1      | GrosslyIncandescent the Mummy Monk began the quest for the Orb.
     0 | D:1      | Reached XP level 1. HP: 18/18 MP: 1/1
   587 | D:1      | Reached XP level 2. HP: 13/24 MP: 2/2
   785 | D:1      | Reached skill level 3 in Unarmed Combat
  1247 | D:2      | Noticed Jessica
  1277 | D:2      | HP: 2/24 [adder (4)]
  1281 | D:2      | Slain by an adder

Vanquished Creatures
  2 giant cockroaches
  2 goblins (D:1)
  2 hobgoblins (D:1)
  2 jackals (D:1)
  A ball python (D:1)
  2 bats (D:1)
  2 frilled lizards (D:1)
  2 rats (D:1)
15 creatures vanquished.
